 Dungeon Crawl Stone Soup version 0.21-a0-529-g8c7b3f5 (webtiles) character file.

43 slep the Chopper (level 3, 0/42 HPs)
             Began as a Barachi Gladiator on Dec 11, 2017.
             Succumbed to an adder's poison
             ... on level 2 of the Dungeon.
             The game lasted 00:03:48 (1001 turns).

slep the Chopper (Barachi Gladiator)                Turns: 1001, Time: 00:03:49

Health: 0/42       AC: 21    Str: 15    XL:     3   Next: 58%
Magic:  3/3        EV:  2    Int: 13    God:
Gold:   69         SH:  0    Dex: 14    Spells: 2/2 levels left

rFire    . . .     SeeInvis .   a - +0 war axe
rCold    . . .     Gourm    .   (no shield)
rNeg     + + +     Faith    .   (armour currently unavailable)
rPois    +         Spirit   .   (helmet currently unavailable)
rElec    .         Reflect  .   (cloak currently unavailable)
rCorr    .         Harm     .   (gloves currently unavailable)
MR       .....     NoTele   +   (boots currently unavailable)
Stlth    +.........             (no amulet)
HPRegen  0.14/turn              (no ring)
MPRegen  0.08/turn              (no ring)

@: brilliant, lethally poisoned (0 -> -12), tree-form
A: +LOS, swims
a: no special abilities


You were on level 2 of the Dungeon.
You were very hungry.
You were a tree.
You visited 1 branch of the dungeon, and saw 2 of its levels.

You collected 69 gold pieces.

Inventory:

Hand Weapons
 a - a +0 war axe (weapon)
Missiles
 d - 3 throwing nets (quivered)
Armour
 b - a +0 leather armour (melded)
 c - a +0 helmet (melded)
Scrolls
 e - a scroll of immolation {unknown}
Potions
 h - a potion of lignification
 i - a potion of agility {unknown}
Comestibles
 f - 2 bread rations
 j - a meat ration


   Skills:
 + Level 2.9 Fighting
 + Level 4.2 Axes
 + Level 2.0 Throwing
 + Level 0.8 Armour
 + Level 3.6 Dodging
 + Level 0.1 Stealth


You had 2 spell levels left.
You didn't know any spells.

Dungeon Overview and Level Annotations

Branches:
Dungeon (2/15)

Altars:
Ashenzari


Innate Abilities, Weirdness & Mutations

Shadows flee at your approach. (+LOS)
You can swim through water.
((You cover ground slowly.))
((You can hop short distances.))


Message History

You hit the leopard gecko.
You kill the leopard gecko!
* * * LOW HITPOINT WARNING * * *
You feel sick. The adder bites you.
* * * LOW HITPOINT WARNING * * *
You are more poisoned.
The adder poisons you!
It was a potion of lignification.
You turn into a tree.
Your +0 helmet melds into your body.
Your +0 leather armour melds into your body.
Your roots penetrate the ground.
* * * LOW HITPOINT WARNING * * *
You feel sick.
The adder bites you but does no damage. x2
You closely miss the adder.
The adder is severely wounded.
* * * LOW HITPOINT WARNING * * *
You feel sick. The adder bites you but does no damage.
It was a potion of brilliance.
You feel clever all of a sudden.
You die...

### ..# # # #.#
##.### #..
#.##......
#....###.#.......
#......(......#
#♣# #....†S.....#
#.##.#.....##
#.#....$# .
........ .#
#>..##### #.
....# # ....#
..###


You could see an adder.

Vanquished Creatures
  An ooze (D:1)
  2 leopard geckos
  2 giant cockroaches (D:1)
  7 goblins (D:1)
  2 hobgoblins (D:1)
  7 kobolds
  7 bats
  A frilled lizard (D:1)
  4 rats
33 creatures vanquished.

Notes
Turn   | Place    | Note
-------+----------+-------------------------------------------
     0 | D:1      | slep the Barachi Gladiator began the quest for the Orb.
     0 | D:1      | Reached XP level 1. HP: 17/17 MP: 1/1
    43 | D:1      | Found a shattered altar of Ashenzari.
    59 | D:1      | Reached XP level 2. HP: 18/23 MP: 2/2
   294 | D:1      | Reached skill level 4 in Axes
   391 | D:1      | Reached XP level 3. HP: 25/28 MP: 3/3
  1000 | D:2      | HP: 1/42 [poisoned by an adder]
  1001 | D:2      | Succumbed to an adder's poison

Vault maps used:
D:1:      dpeg_arrival_subterranean_lakeside_camping,
          nicolae_ashenzari_panopticon

Skill      XL: |  1  2 |
---------------+-------+-----
Axes           | 4 |  4.2
Fighting       | |  2.9
Throwing       | |  2.0
Armour         | |  0.8
Dodging        | |  3.6
Stealth        | |  0.1

Action                   || total
-------------------------++-------
Melee: War axe           ||   106
  Use: Potion            ||     2
 Stab: Sleeping          ||     1
Armor: Leather armour    ||    46
       Skin              ||     3
Dodge: Dodged            ||   102

Table legend:
 A = Spawn XP
 B = Non-spawn XP
 C = Spawn XP percentage of total XP
 D = Spawn monster count
 E = Non-spawn monster count
 F = Spawn count percentage of total count
 G = Total turns spent on level
                    A         B        C        D         E        F      G
               +---------+---------+-------+---------+---------+-------+---------
         Total |       0 |      62 |   0.0 |       0 |      33 |   0.0 |  1001
               +---------+---------+-------+---------+---------+-------+---------
           D:1 |       0 |      55 |   0.0 |       0 |      29 |   0.0 |   985
           D:2 |       0 |       7 |   0.0 |       0 |       4 |   0.0 |    16
               +---------+---------+-------+---------+---------+-------+---------
